TOP OF THE 1ST |
Los Angeles (NYP) Dodgers batting - Pitching for Hillsboro Hops : RHP Tom Moore
|
Pitching: RHP Tom Moore
|
|
Batting: SHB Guy Jerome
|
0-0: Ball 1-0: Ball 2-0: Called Strike 2-1: Swinging Strike 2-2: Strikes out swinging
|
Batting: RHB Perry Dominey
|
0-0: Ball 1-0: Fly out, F9 (Line Drive, 89M, EV 92.5 MPH)
|
Batting: LHB Ramon Padilla
|
0-0: Foul Ball, location: 2F 0-1: Ground out 6-3 (Groundball, 6MD, EV 105.0 MPH)
|
Top of the 1st over - 0 runs, 0 hits, 0 errors, 0 left on base; Los Angeles (NYP) 0 - Hillsboro 0 |
BOTTOM OF THE 1ST |
Hillsboro Hops batting - Pitching for Los Angeles (NYP) Dodgers : RHP Guy Jerome
|
Pitching: RHP Guy Jerome
|
|
Batting: SHB David Barona
|
0-0: Ball 1-0: Foul Ball, location: 2F 1-1: Ground out U3 (Groundball, 3, EV 103.1 MPH)
|
Batting: RHB Paul Healy
|
0-0: Called Strike 0-1: Ball 1-1: Ground out 4-3 (Groundball, 4, EV 98.8 MPH)
|
Batting: RHB Nikita Schram
|
0-0: Called Strike 0-1: Ball 1-1: Ball 2-1: Fly out, F3 (Popup, 3F, EV 78.8 MPH)
|
Bottom of the 1st over - 0 runs, 0 hits, 0 errors, 0 left on base; Los Angeles (NYP) 0 - Hillsboro 0 |
TOP OF THE 2ND |
Los Angeles (NYP) Dodgers batting - Pitching for Hillsboro Hops : RHP Tom Moore
|
Batting: SHB Dave Reynoso
|
0-0: Ball 1-0: Ball 2-0: Called Strike 2-1: Foul Ball, location: 2F 2-2: Ground out 4-3 (Groundball, 4, EV 82.5 MPH)
|
Batting: RHB Justin Van Houten
|
0-0: Ball 1-0: Called Strike 1-1: Foul Ball, location: 2F 1-2: Strikes out swinging
|
Batting: RHB Cory Bonham
|
0-0: Ball 1-0: Foul Ball, location: 2F 1-1: Ball 2-1: Ball 3-1: Foul Ball, location: 2F 3-2: SINGLE (Groundball, 25, EV 71.2 MPH) (infield hit)
|
Batting: RHB John Clark
|
0-0: Ball Cory Bonham steals 2nd base 1-0: Ball 2-0: Called Strike 2-1: Called Strike 2-2: Foul Ball, location: 2F 2-2: Ball 3-2: Strikes out swinging
|
Top of the 2nd over - 0 runs, 1 hit, 0 errors, 1 left on base; Los Angeles (NYP) 0 - Hillsboro 0 |
BOTTOM OF THE 2ND |
Hillsboro Hops batting - Pitching for Los Angeles (NYP) Dodgers : RHP Guy Jerome
|
Batting: RHB Dale Young
|
0-0: Called Strike 0-1: Swinging Strike 0-2: Ball 1-2: Ball 2-2: Strikes out swinging
|
Batting: RHB T.J. Jordan
|
0-0: Ball 1-0: Ball 2-0: Ball 3-0: Base on Balls
|
Batting: RHB Mike Dodson
|
0-0: Foul Ball, location: 2F 0-1: Ball 1-1: Ball 2-1: Ball 3-1: Base on Balls T.J. Jordan to second
|
Batting: LHB Tomohiro Yokoyama
|
0-0: Ball 1-0: SINGLE (Groundball, 4M, EV 104.4 MPH) (infield hit) T.J. Jordan to third Mike Dodson to second
|
Batting: LHB Ron Mills
|
0-0: Hit by Pitch T.J. Jordan scores Mike Dodson to third Tomohiro Yokoyama to second
|
Batting: RHB Ryuki Ogasawara
|
0-0: Ball 1-0: Ball 2-0: Grounds into double play, 6-4-3 (Groundball, 6, EV 81.9 MPH)
|
Bottom of the 2nd over - 1 run, 1 hit, 0 errors, 2 left on base; Los Angeles (NYP) 0 - Hillsboro 1 |
TOP OF THE 3RD |
Los Angeles (NYP) Dodgers batting - Pitching for Hillsboro Hops : RHP Tom Moore
|
Batting: RHB Chris Graham
|
0-0: Ball 1-0: Ball 2-0: Ball 3-0: Called Strike 3-1: Swinging Strike 3-2: Strikes out swinging
|
Batting: RHB Scott Merritt
|
0-0: Swinging Strike 0-1: Called Strike 0-2: Strikes out looking
|
Batting: SHB Guy Jerome
|
0-0: Called Strike 0-1: Ball 1-1: Ball 2-1: TRIPLE (Flyball, 89XD, EV 93.1 MPH)
|
Batting: RHB Perry Dominey
|
0-0: Ball 1-0: Ball 2-0: Foul Ball, location: 2F 2-1: Ball 3-1: Base on Balls
|
Batting: LHB Ramon Padilla
|
0-0: Called Strike 0-1: Swinging Strike 0-2: Hit by Pitch Perry Dominey to second
|
Batting: SHB Dave Reynoso
|
0-0: Ground out 2-3 (Groundball, 15S, EV 62.5 MPH)
|
Top of the 3rd over - 0 runs, 1 hit, 0 errors, 3 left on base; Los Angeles (NYP) 0 - Hillsboro 1 |
BOTTOM OF THE 3RD |
Hillsboro Hops batting - Pitching for Los Angeles (NYP) Dodgers : RHP Guy Jerome
|
Batting: SHB David Barona
|
0-0: Foul Ball, location: 2F 0-1: Called Strike 0-2: Foul Ball, location: 2F 0-2: Ground out U3 (Groundball, 34S, EV 66.2 MPH)
|
Batting: RHB Paul Healy
|
0-0: Called Strike 0-1: Called Strike 0-2: Ball 1-2: Ball 2-2: Ball 3-2: SINGLE (Flyball, 7LS, EV 88.8 MPH)
|
Batting: RHB Nikita Schram
|
0-0: Ball Wild Pitch! Paul Healy to second 1-0: Hit by Pitch
|
Batting: RHB Dale Young
|
0-0: Ball 1-0: TRIPLE (Line Drive, 78XD, EV 108.8 MPH) Paul Healy scores Nikita Schram scores
|
Batting: RHB T.J. Jordan
|
0-0: Single, Error in OF, E7, batter to second base (Groundball, 56D, EV 101.2 MPH) Dale Young scores
|
Batting: RHB Mike Dodson
|
0-0: Ball 1-0: Ball 2-0: Ball 3-0: Base on Balls
|
Batting: LHB Tomohiro Yokoyama
|
0-0: Ball 1-0: Ball 2-0: Ball 3-0: Base on Balls T.J. Jordan to third Mike Dodson to second
|
Batting: LHB Ron Mills
|
0-0: Foul Ball, location: 2F 0-1: Ball 1-1: Foul Ball, location: 2F 1-2: Fielders Choice at 2nd, 3-6 (Groundball, 34S, EV 80.0 MPH) T.J. Jordan scores Mike Dodson to third
|
Batting: RHB Ryuki Ogasawara
|
0-0: Ball 1-0: Hit by Pitch Ron Mills to second
|
Pitching: RHP Justin Donovan
|
|
Batting: SHB David Barona
|
0-0: Ball 1-0: Called Strike 1-1: Ball 2-1: Ball 3-1: Fielders Choice at 2nd, U6 (Groundball, 6M, EV 86.2 MPH)
|
Bottom of the 3rd over - 4 runs, 3 hits, 1 error, 3 left on base; Los Angeles (NYP) 0 - Hillsboro 5 |
TOP OF THE 4TH |
Los Angeles (NYP) Dodgers batting - Pitching for Hillsboro Hops : RHP Tom Moore
|
Batting: RHB Justin Van Houten
|
0-0: Foul Ball, location: 2F 0-1: Foul Ball, location: 2F 0-2: Ball 1-2: Strikes out swinging
|
Batting: RHB Cory Bonham
|
0-0: Ball 1-0: Swinging Strike 1-1: Fly out, F9 (Flyball, 89M, EV 83.8 MPH)
|
Batting: RHB John Clark
|
0-0: Called Strike 0-1: Called Strike 0-2: Strikes out swinging
|
Top of the 4th over - 0 runs, 0 hits, 0 errors, 0 left on base; Los Angeles (NYP) 0 - Hillsboro 5 |
BOTTOM OF THE 4TH |
Hillsboro Hops batting - Pitching for Los Angeles (NYP) Dodgers : RHP Justin Donovan
|
Batting: RHB Paul Healy
|
0-0: SINGLE (Flyball, 5D, EV 94.4 MPH)
|
Batting: RHB Nikita Schram
|
0-0: Called Strike 0-1: Swinging Strike 0-2: Ball Pickoff Throw to First - Out! 1-3 1-2: Hit by Pitch
|
Batting: RHB Dale Young
|
0-0: Ball 1-0: Ball Nikita Schram steals 2nd base 2-0: Foul Ball, location: 2F 2-1: Called Strike 2-2: SINGLE (Line Drive, 6MD, EV 96.2 MPH) Nikita Schram to third Runner from 3rd tries for Home, SAFE, throw by CF to home Dale Young to second
|
Batting: RHB T.J. Jordan
|
0-0: Foul Ball, location: 2F 0-1: Foul Ball, location: 2F 0-2: Strikes out swinging, 2-3 out at first.
|
Batting: RHB Mike Dodson
|
0-0: Called Strike 0-1: Fly out, F8 (Flyball, 89S, EV 88.8 MPH)
|
Bottom of the 4th over - 1 run, 2 hits, 0 errors, 1 left on base; Los Angeles (NYP) 0 - Hillsboro 6 |
TOP OF THE 5TH |
Los Angeles (NYP) Dodgers batting - Pitching for Hillsboro Hops : RHP Tom Moore
|
Batting: RHB Chris Graham
|
0-0: Swinging Strike 0-1: Ball 1-1: Swinging Strike 1-2: Ball 2-2: Strikes out looking
|
Batting: RHB Scott Merritt
|
0-0: SINGLE (Line Drive, 6M, EV 97.5 MPH)
|
Batting: SHB Guy Jerome
|
0-0: Foul Ball, location: 2F 0-1: Ball 1-1: Ball 2-1: Fly out, F9 (Flyball, 9, EV 94.4 MPH)
|
Batting: RHB Perry Dominey
|
0-0: Ball 1-0: Ball 2-0: Fielders Choice at 2nd, 6-4 (Groundball, 6, EV 101.9 MPH)
|
Top of the 5th over - 0 runs, 1 hit, 0 errors, 1 left on base; Los Angeles (NYP) 0 - Hillsboro 6 |
BOTTOM OF THE 5TH |
Hillsboro Hops batting - Pitching for Los Angeles (NYP) Dodgers : RHP Justin Donovan
|
Pitching: RHP Willie Becerra
|
|
Batting: LHB Tomohiro Yokoyama
|
0-0: Ball 1-0: Called Strike 1-1: Ball 2-1: Swinging Strike 2-2: Ball 3-2: Foul Ball, location: 2F 3-2: Base on Balls
|
Batting: LHB Ron Mills
|
0-0: Ball 1-0: 2-RUN HOME RUN (Flyball, 9D, EV 103.8 MPH), Distance : 415 ft
|
Batting: RHB Ryuki Ogasawara
|
0-0: Ball 1-0: Ball 2-0: Called Strike 2-1: Foul Ball, location: 2F 2-2: Foul Ball, location: 2F 2-2: SOLO HOME RUN (Flyball, 7LD, EV 96.2 MPH), Distance : 365 ft
|
Batting: SHB David Barona
|
0-0: Ball 1-0: Swinging Strike 1-1: SINGLE (Groundball, 3D, EV 108.1 MPH)
|
Batting: RHB Paul Healy
|
0-0: Ball 1-0: Foul Ball, location: 2F 1-1: Ball 2-1: Swinging Strike 2-2: DOUBLE (Flyball, 8RXD, EV 110.0 MPH) David Barona to third
|
Batting: RHB Nikita Schram
|
0-0: Foul Ball, location: 2F 0-1: Ball 1-1: Ball 2-1: Ball 3-1: Base on Balls
|
Batting: RHB Dale Young
|
0-0: Grounds into double play, 5-4-3 (Groundball, 56S, EV 81.9 MPH) David Barona scores Paul Healy to third
|
Pitching: RHP Bobby Altamirano
|
|
Batting: RHB T.J. Jordan
|
0-0: Ball 1-0: Ball 2-0: Ball 3-0: Base on Balls
|
Batting: RHB Mike Dodson
|
0-0: Called Strike 0-1: Called Strike 0-2: Foul Ball, location: 2F 0-2: Strikes out swinging
|
Bottom of the 5th over - 4 runs, 4 hits, 0 errors, 2 left on base; Los Angeles (NYP) 0 - Hillsboro 10 |
TOP OF THE 6TH |
Los Angeles (NYP) Dodgers batting - Pitching for Hillsboro Hops : RHP Tom Moore
|
Batting: LHB Ramon Padilla
|
0-0: Swinging Strike 0-1: Swinging Strike 0-2: Foul Ball, location: 2F 0-2: Ball 1-2: Strikes out swinging
|
Batting: SHB Dave Reynoso
|
0-0: Called Strike 0-1: Ball 1-1: Ball 2-1: Foul Ball, location: 2F 2-2: Foul Ball, location: 2F 2-2: Strikes out looking
|
Batting: RHB Justin Van Houten
|
0-0: Foul Ball, location: 2F 0-1: DOUBLE (Flyball, 8LXD, EV 103.8 MPH)
|
Batting: RHB Cory Bonham
|
0-0: 2-RUN HOME RUN (Flyball, 7D, EV 103.8 MPH), Distance : 406 ft
|
Batting: RHB John Clark
|
0-0: Called Strike 0-1: Called Strike 0-2: Ground out 6-3 (Groundball, 6, EV 103.8 MPH)
|
Top of the 6th over - 2 runs, 2 hits, 0 errors, 0 left on base; Los Angeles (NYP) 2 - Hillsboro 10 |
BOTTOM OF THE 6TH |
Hillsboro Hops batting - Pitching for Los Angeles (NYP) Dodgers : RHP Bobby Altamirano
|
Batting: LHB Tomohiro Yokoyama
|
0-0: Foul Ball, location: 2F 0-1: Ball 1-1: SINGLE (Flyball, 6D, EV 85.0 MPH)
|
Batting: LHB Ron Mills
|
0-0: Hit by Pitch Tomohiro Yokoyama to second
|
Batting: RHB Ryuki Ogasawara
|
0-0: Ball 1-0: Ball 2-0: Called Strike 2-1: Ball 3-1: Swinging Strike 3-2: Fly out, F7 (Flyball, 78S, EV 80.6 MPH)
|
Batting: SHB David Barona
|
0-0: SINGLE (Flyball, 6MD, EV 92.5 MPH) Tomohiro Yokoyama to third Ron Mills to second
|
Batting: RHB Paul Healy
|
0-0: Ball 1-0: Foul Ball, location: 2F 1-1: Foul Ball, location: 2F 1-2: Strikes out swinging
|
Batting: RHB Nikita Schram
|
0-0: Ball 1-0: Swinging Strike 1-1: Fielders Choice at 2nd, 6-4 (Groundball, 6, EV 100.0 MPH)
|
Bottom of the 6th over - 0 runs, 2 hits, 0 errors, 3 left on base; Los Angeles (NYP) 2 - Hillsboro 10 |
TOP OF THE 7TH |
Los Angeles (NYP) Dodgers batting - Pitching for Hillsboro Hops : RHP Tom Moore
|
Pitching: LHP Ryan Cole
|
|
Batting: RHB Chris Graham
|
0-0: Swinging Strike 0-1: Swinging Strike 0-2: Ball 1-2: Foul Ball, location: 2F 1-2: Strikes out swinging
|
Batting: RHB Scott Merritt
|
0-0: Ball 1-0: Foul Ball, location: 2F 1-1: Foul Ball, location: 2F 1-2: Ball 2-2: Strikes out swinging
|
Batting: SHB Guy Jerome
|
0-0: Swinging Strike 0-1: Ball 1-1: Ball 2-1: Ball 3-1: Hit by Pitch
|
Pinch Hitting: RHB Phil Holman
|
0-0: TRIPLE (Flyball, 89XD, EV 103.8 MPH) Guy Jerome scores
|
Batting: LHB Ramon Padilla
|
0-0: Called Strike 0-1: Swinging Strike 0-2: Ball 1-2: Strikes out swinging
|
Top of the 7th over - 1 run, 1 hit, 0 errors, 1 left on base; Los Angeles (NYP) 3 - Hillsboro 10 |
BOTTOM OF THE 7TH |
Hillsboro Hops batting - Pitching for Los Angeles (NYP) Dodgers : RHP Bobby Altamirano
|
Now in RF: Carlos Santoni
|
|
Batting: RHB Dale Young
|
0-0: Ball 1-0: Ball 2-0: Ball 3-0: Fly out, F9 (Flyball, 89M, EV 91.9 MPH)
|
Pitching: RHP Juan Serrano
|
|
Batting: RHB T.J. Jordan
|
0-0: Ball 1-0: Called Strike 1-1: Foul Ball, location: 2F 1-2: Strikes out swinging
|
Pinch Hitting: RHB Orlando Florez
|
0-0: Ball 1-0: Called Strike 1-1: Called Strike 1-2: Foul Ball, location: 2F 1-2: Strikes out looking
|
Bottom of the 7th over - 0 runs, 0 hits, 0 errors, 0 left on base; Los Angeles (NYP) 3 - Hillsboro 10 |
TOP OF THE 8TH |
Los Angeles (NYP) Dodgers batting - Pitching for Hillsboro Hops : LHP Ryan Cole
|
Now at SS: Orlando Florez
|
|
Pinch Hitting: RHB To-wai Chen
|
0-0: Foul Ball, location: 2F 0-1: Foul Ball, location: 2F 0-2: Ball 1-2: Strikes out looking
|
Batting: RHB Justin Van Houten
|
0-0: Called Strike 0-1: Ground out U3 (Groundball, 34S, EV 93.1 MPH)
|
Batting: RHB Cory Bonham
|
0-0: Called Strike 0-1: Called Strike 0-2: Strikes out swinging
|
Top of the 8th over - 0 runs, 0 hits, 0 errors, 0 left on base; Los Angeles (NYP) 3 - Hillsboro 10 |
BOTTOM OF THE 8TH |
Hillsboro Hops batting - Pitching for Los Angeles (NYP) Dodgers : RHP Juan Serrano
|
Now at 3B: To-wai Chen
|
|
Batting: LHB Tomohiro Yokoyama
|
0-0: Ball 1-0: Ball 2-0: Ball 3-0: Base on Balls
|
Pinch Hitting: SHB Conor Davies
|
0-0: Ball 1-0: Ball 2-0: Foul Ball, location: 2F 2-1: Fly out, F8 (Flyball, 89M, EV 90.0 MPH)
|
Batting: RHB Ryuki Ogasawara
|
0-0: Ball Wild Pitch! Tomohiro Yokoyama to second 1-0: Swinging Strike 1-1: Foul Ball, location: 2F 1-2: SINGLE (Groundball, 6MD, EV 95.6 MPH) Tomohiro Yokoyama to third Runner from 3rd tries for Home, throw by CF and OUT! 8-2 Ryuki Ogasawara to second
|
Pinch Hitting: SHB Ethan Newby
|
0-0: Called Strike 0-1: Swinging Strike 0-2: DOUBLE (Line Drive, 5D, EV 99.4 MPH) Ryuki Ogasawara scores
|
Pinch Hitting: LHB David McNair
|
0-0: Called Strike 0-1: Ball 1-1: Foul Ball, location: 2F 1-2: Ground out U3 (Groundball, 34, EV 86.2 MPH)
|
Bottom of the 8th over - 1 run, 2 hits, 0 errors, 1 left on base; Los Angeles (NYP) 3 - Hillsboro 11 |
TOP OF THE 9TH |
Los Angeles (NYP) Dodgers batting - Pitching for Hillsboro Hops : LHP Ryan Cole
|
Now at 3B: Ethan Newby
|
|
Now in LF: David McNair
|
|
Now in RF: Conor Davies
|
|
Batting: RHB John Clark
|
0-0: Swinging Strike 0-1: Swinging Strike 0-2: Ball 1-2: Ball 2-2: Strikes out looking
|
Batting: RHB Chris Graham
|
0-0: Called Strike 0-1: Swinging Strike 0-2: Strikes out swinging
|
Batting: RHB Scott Merritt
|
0-0: Ball 1-0: Ball 2-0: Swinging Strike 2-1: Foul Ball, location: 2F 2-2: Strikes out swinging
|
Top of the 9th over - 0 runs, 0 hits, 0 errors, 0 left on base; Los Angeles (NYP) 3 - Hillsboro 11 |
|